 Dungeon Crawl Stone Soup version 0.21.0-3-g78d12a8 (webtiles) character file.

133 theswoord the Insei (level 5, -2/29 HPs)
             Began as a Vine Stalker Monk on Jan 9, 2018.
             Slain by a goblin (3 damage)
             ... led by Robin
             ... on level 2 of the Dungeon.
             The game lasted 00:03:37 (2416 turns).

theswoord the Insei (Vine Stalker Monk)             Turns: 2416, Time: 00:03:39

Health: -2/29      AC:  2    Str: 14    XL:     5   Next: 16%
Magic:  0/6        EV: 13    Int: 10    God:
Gold:   181        SH:  0    Dex: 17    Spells: 4/4 levels left

rFire    . . .     SeeInvis .     - Unarmed
rCold    + . .     Gourm    .   (no shield)
rNeg     . . .     Faith    .   a - +0 robe
rPois    .         Spirit   +   (no helmet)
rElec    .         Reflect  .   (no cloak)
rCorr    .         Harm     .   (no gloves)
MR       .....                  (no boots)
Stlth    ++........             (no amulet)
HPRegen  0.49/turn              h - ring of protection from cold
MPRegen  0.10/turn              (no ring)

@: no status effects
A: fangs 2, regeneration 1, magic shield, antimagic bite, no potion heal 3, rot
immunity
a: no special abilities


You were on level 2 of the Dungeon.
You were not hungry.

You visited 1 branch of the dungeon, and saw 3 of its levels.

You collected 181 gold pieces.

Inventory:

Armour
 a - a +0 robe (worn)
Jewellery
 h - a ring of protection from cold (left hand)
Scrolls
 k - a scroll of fog {unknown}
 n - 2 scrolls of identify {unknown}
 o - a scroll of enchant weapon {unknown}
Potions
 d - a potion of heal wounds {unknown}
 e - a potion of ambrosia {unknown}
 f - a potion of curing {unknown}
 i - 2 potions of might {unknown}
 m - 2 potions of cancellation {unknown}
 p - 2 potions of resistance {unknown}
Comestibles
 b - 4 rations
 l - 2 chunks of flesh


   Skills:
 + Level 4.1 Fighting
 - Level 2.4 Dodging
 - Level 2.4 Stealth
 + Level 4.5 Unarmed Combat


You had 4 spell levels left.
You didn't know any spells.

Dungeon Overview and Level Annotations

Branches:
Dungeon (3/15)

Altars:

Annotations:
D:3 Robin


Innate Abilities, Weirdness & Mutations

You have extremely sharp teeth.
Your natural rate of healing is unusually fast.
When hurt, damage is shared between your health and your magic reserves.
Your bite disrupts and absorbs the magic of your enemies.
Potions cannot restore your health.
You are immune to rotting.


Message History

You feel momentarily disoriented.
It was a scroll of magic mapping.
The goblin barely misses you. The goblin closely misses you.
The goblin misses you. x2; The goblin completely misses you.
The goblin misses you. The hobgoblin hits you with a club.
* * * LOW HITPOINT WARNING * * *
Okay, then.
As you read the scroll labeled RENKIN QORITH, it crumbles to dust.
The dust glows shimmering marigold!
It was a scroll of random uselessness.
The goblin closely misses you. x4; The goblin barely misses you.
The goblin hits you with a club.
* * * LOW HITPOINT WARNING * * *
The hobgoblin closely misses you.
As you read the scroll labeled LIWYMA JUST, it crumbles to dust.
It is a scroll of amnesia.
You feel forgetful for a moment. The goblin hits you.
* * * LOW HITPOINT WARNING * * *
The goblin barely misses you. The goblin hits you.
* * * LOW HITPOINT WARNING * * *
The goblin hits you.
You die...

#.........#
##.......## ##.##
########.## ##.....##
#.# #.# ##...## #.#
#.# ##'## #.# #.# #.#
#.# #.# ###.##### #.#
#.# #.......# #.#
#.######gg..##.# #.#
#......g@g...#.# #.#
######.ggg..##.#####.#
#...............#
#.....###.#######
##....# #.# ##.#.###.#
#.......# ###.#####
#.#


You could see a hobgoblin and 6 goblins.

Vanquished Creatures
  A bullfrog zombie (D:2)
  A gnoll (D:1)
  3 adders (D:2)
  2 worms (D:2)
  4 dart slugs
  2 giant cockroaches (D:2)
  3 goblins
  7 hobgoblins
  3 jackals
  9 bats (D:1)
  2 frilled lizards
  5 kobolds
  11 rats
53 creatures vanquished.

Notes
Turn   | Place    | Note
-------+----------+-------------------------------------------
     0 | D:1      | theswoord the Vine Stalker Monk began the quest for the Orb.
     0 | D:1      | Reached XP level 1. HP: 11/11 MP: 2/2
   224 | D:1      | Reached XP level 2. HP: 8/16 MP: 0/3
   584 | D:1      | Reached XP level 3. HP: 7/20 MP: 2/4
  1631 | D:2      | Gained mutation: Your natural rate of healing is unusually fast. [Vine Stalker growth]
  1631 | D:2      | Reached XP level 4. HP: 5/25 MP: 3/5
  1961 | D:2      | Reached XP level 5. HP: 27/29 MP: 6/6
  2404 | D:3      | Noticed Robin
  2416 | D:2      | HP: 1/29 [goblin[Robin] (2)]
  2416 | D:2      | Slain by a goblin

Skill      XL: |  1  2  3  4 |
---------------+-------------+-----
Fighting       | 3 4 |  4.1
Unarmed Combat | 4 |  4.5
Dodging        | |  2.4
Stealth        | |  2.4

Action                   |  1- 3 |  4- 6 || total
-------------------------+-------+-------++-------
Melee: Unarmed           |   103 |    64 ||   167
       Bite              |    23 |    20 ||    43
       Punch             |     1 |       ||     1
  Use: Scroll            |       |     3 ||     3
 Stab: Sleeping          |    11 |     4 ||    15
  Eat: Chunk             |     1 |     4 ||     5
Armor: Robe              |    14 |     7 ||    21
Dodge: Dodged            |    54 |    50 ||   104

Vault maps used:
D:1:      shiori_shiawase
D:3:      lemuel_zombie_altar_yredelemnul, kennysheep_generic_room_11,
          uniq_jessica, uniq_crazy_yiuf_cottage, uniq_robin
